 Dungeon Crawl Stone Soup version 0.23.1-37-gaa34b87 (webtiles) character file.

Game seed: 6183318444414773123

1280 dvd the Digger (level 8, -9/48 HPs)
             Began as an Octopode Earth Elementalist on Mar 24, 2019.
             Was a Follower of Dithmenos.
             Killed from afar by an orc wizard (12 damage)
             ... with a puff of flame
             ... on level 6 of the Dungeon.
             The game lasted 00:17:42 (6688 turns).

dvd the Digger (Octopode Earth Elementalist)        Turns: 6688, Time: 00:17:42

Health: -9/48      AC:  1    Str:  8    XL:     8   Next: 54%
Magic:  3/15       EV: 19    Int: 28    God:    Dithmenos [*.....]
Gold:   340        SH:  0    Dex: 17    Spells: 8/17 levels left

rFire    . . .     SeeInvis .   q - +2 dagger of Prudence {pierce, Int+4}
rCold    . . .     Gourm    .   (no shield)
rNeg     . . .     Faith    .   (helmet restricted)
rPois    .         Spirit   .   (no amulet)
rElec    .         Reflect  .   (no ring)
rCorr    .         Harm     .   (no ring)
MR       .....                  (no ring)
Stlth    ++++......             (no ring)
HPRegen  0.16/turn              (no ring)
MPRegen  0.14/turn              (no ring)
                                (no ring)
                                (no ring)

@: confused, brilliant, agile, wreathed by umbra
A: almost no armour, stealthy swim, amphibious, 8 rings, constrict 8, camouflage
1, gelatinous body 1
a: Renounce Religion


You were on level 6 of the Dungeon.
You worshipped Dithmenos.
Dithmenos was aware of your devotion.
You were not hungry.

You visited 2 branches of the dungeon, and saw 7 of its levels.
You also visited: Sewer.

You collected 340 gold pieces.

Inventory:

Hand Weapons
 l - a +0 dagger
 q - the +2 dagger of Prudence (weapon) {pierce, Int+4}
   (You found it on level 4 of the Dungeon)

   It inflicts extra damage upon your enemies.
   It affects your intelligence (+4).
 x - a +0 morningstar
 z - a +0 trident of piercing
Missiles
 b - 116 stones (quivered)
Magical Staves
 v - an uncursed staff of death
Jewellery
 j - an uncursed amulet of faith
Wands
 y - a wand of scattershot (3)
Scrolls
 d - a scroll of blinking {unknown}
 f - a scroll of fog {unknown}
 i - 4 scrolls of identify
 k - 4 scrolls of remove curse {unknown}
 n - 5 scrolls of teleportation {unknown}
 o - 2 scrolls of enchant armour {unknown}
 p - a scroll of enchant weapon {unknown}
 s - 2 scrolls of random uselessness {unknown}
 t - a scroll of immolation {unknown}
 w - 2 scrolls of amnesia {unknown}
 A - a scroll of summoning {unknown}
Potions
 a - 2 potions of resistance {unknown}
 e - a potion of might {unknown}
 r - a potion of brilliance
 B - a potion of mutation {unknown}
Comestibles
 c - 8 rations
 C - 3 chunks of flesh


   Skills:
 + Level 1.4 Fighting
 + Level 2.0 Short Blades
 + Level 2.7 Dodging
 + Level 5.9 Stealth
 + Level 5.0 Spellcasting
 + Level 1.0 Conjurations
   Level 1.0 Transmutations
 * Level 7.4 Earth Magic


You had 8 spell levels left.
You knew the following spells:

 Your Spells              Type           Power        Failure   Level  Hunger
a - Sandblast             Erth           ######       1%          1    None
b - Stone Arrow           Conj/Erth      #####.       1%          3    #......
c - Lee's Rapid Deconstr  Erth           ######....   1%          5    #####..

Your spell library contained the following spells:

 Spells                   Type           Power        Failure   Level  Hunger
 Passwall                 Tmut/Erth      #####...     1%          2    None
 Petrify                  Tmut/Erth      #####...     1%          4    ###....


Dungeon Overview and Level Annotations

Branches:
Dungeon (6/15)             Temple (1/1) D:5

Altars:
Ashenzari
Cheibriados
Dithmenos
Elyvilon
Fedhas
Gozag
Hepliaklqana
Kikubaaqudgha
Makhleb
Nemelex Xobeh
Okawaru
Qazlal
Ru
Sif Muna
Trog
Uskayaw
Vehumet
Wu Jian
Xom
Yredelemnul
Zin
The Shining One

Shops:
D:5 **


Innate Abilities, Weirdness & Mutations

You cannot wear most types of armour.
You are very stealthy in the water. (Stealth+)
You are amphibious.
You can wear up to eight rings at the same time.
You can use your tentacles to constrict eight enemies at once.
Your skin changes colour to match your surroundings (Stealth+).
Your rubbery body absorbs attacks. (AC +1, EV +1)


Message History

You feel clever all of a sudden. The worker ant barely misses you.
Something hits you.
* * * LOW HITPOINT WARNING * * *
Unknown command.
Evoke which item? (* to show all) (? for menu, Esc to quit)
You're too confused!
Unknown command.
The worker ant closely misses you. Something hits you.
* * * LOW HITPOINT WARNING * * *
The worker ant completely misses you.
Unknown command.
You miss the orc. Your squeeze misses the orc. The orc misses you.
Something hits you.
* * * LOW HITPOINT WARNING * * *
The worker ant closely misses you.
Unknown command.
You hear some strange, mumbled words.
A puff of flame appears from out of thin air!
The puff of flame hits you!
You die...

#.......########.#
#.##......#
#.#####
#.....#.#(##
#......
......[.....#
#######
#.####..#$#..# #.
#......[###
##.........#
#...oa##.#.#
#..@####.#.#
#........# #
.............
#.......####..
#.......# ..#
#.......# ...
#.......# .#..
#.......# .#.##


You could see a worker ant and an orc.

Vanquished Creatures
  A phantom (D:6)
  An ogre (D:4)
  A centaur (D:5)
  A crocodile (Sewer)
  Blork the orc (D:5)
  A scorpion (D:4)
  2 howler monkeys (D:4)
  2 jellies
  A centaur skeleton (D:6)
  4 orc priests
  3 hounds
  3 orc wizards
  3 worker ants
  A worker ant zombie (D:6)
  4 river rats (D:6)
  7 adders
  A shadow imp (D:6)
  An ooze (D:1)
  2 adder skeletons (D:4)
  8 worms
  2 dart slugs
  A leopard gecko (D:1)
  17 orcs
  12 bats
  6 giant cockroaches
  7 goblins
  9 hobgoblins
  12 jackals
  3 quokkas (D:3)
  3 ball pythons
  4 frilled lizards
  9 kobolds
  30 rats
163 creatures vanquished.

Notes
Turn   | Place    | Note
-------+----------+-------------------------------------------
     0 | D:1      | dvd the Octopode Earth Elementalist began the quest for the
                  | Orb.
     0 | D:1      | Reached XP level 1. HP: 11/11 MP: 3/3
   432 | D:1      | Reached XP level 2. HP: 17/17 MP: 3/5
  1066 | D:1      | Reached XP level 3. HP: 19/21 MP: 6/6
  1254 | D:1      | Learned a level 3 spell: Stone Arrow
  1780 | D:2      | Reached skill level 4 in Earth Magic
  1780 | D:2      | Reached XP level 4. HP: 16/27 MP: 3/7
  2484 | D:3      | Reached XP level 5. HP: 29/31 MP: 3/9
  2902 | D:3      | Learned a level 5 spell: Lee's Rapid Deconstruction
  3242 | D:3      | Found a deep blue altar of Sif Muna.
  3647 | D:4      | Found an iron altar of Okawaru.
  3653 | D:4      | Found a blossoming altar of Fedhas.
  3807 | D:4      | Reached XP level 6. HP: 37/37 MP: 5/10
  3842 | D:4      | Reached skill level 1 in Short Blades
  3842 | D:4      | Reached skill level 5 in Earth Magic
  3976 | D:4      | Noticed a moth of wrath
  3979 | D:4      | Found a bloodstained altar of Trog.
  3992 | D:4      | Reached XP level 7. HP: 10/42 MP: 7/12
  3997 | D:4      | HP: 1/42 [something/puff of flame (9)]
  4309 | D:3      | Reached skill level 5 in Stealth
  4691 | D:4      | Found a shimmering altar of Xom.
  4937 | D:4      | Found an opulent altar of Gozag.
  5184 | D:4      | Got an encrusted dagger
  5185 | D:4      | Identified the +2 dagger of Prudence {pierce, Int+4} (You
                  | found it on level 4 of the Dungeon)
  5220 | D:5      | Entered Level 5 of the Dungeon
  5220 | D:5      | Noticed Blork the orc
  5226 | D:5      | Killed Blork the orc
  5226 | D:5      | Reached skill level 6 in Earth Magic
  5443 | D:5      | Reached skill level 1 in Fighting
  5503 | D:5      | Reached skill level 1 in Conjurations
  5547 | D:5      | Found Lauk's General Store.
  5583 | D:5      | Found a staircase to the Ecumenical Temple.
  5592 | Temple   | Entered the Ecumenical Temple
  5718 | Temple   | Became a worshipper of Dithmenos the Shadowed
  5995 | D:5      | Found Juvich's Assorted Antiques.
  6077 | D:6      | Reached XP level 8. HP: 48/48 MP: 3/14
  6277 | D:6      | Reached skill level 7 in Earth Magic
  6317 | D:6      | Found a glowing drain.
  6323 | Sewer    | Entered a sewer
  6354 | Sewer    | Reached * piety under Dithmenos
  6647 | D:6      | Reached skill level 5 in Spellcasting
  6688 | D:6      | Killed from afar by an orc wizard

Skill      XL: |  1  2  3  4  5  6  7  8 |
---------------+-------------------------+-----
Stealth        | 3 4 5 |  5.9
Earth Magic    | 4 5 6 7 |  7.4
Spellcasting   | 3 4 5 |  5.0
Short Blades   | 1 2 |  2.0
Fighting       | 1 |  1.4
Conjurations   | 1 |  1.0
Dodging        | |  2.7
Transmutations | |  1.0

Action                   |  1- 3 |  4- 6 |  7- 9 || total
-------------------------+-------+-------+-------++-------
Melee: Unarmed           |     8 |       |       ||     8
       Dagger            |    29 |    87 |    61 ||   177
       Constrict         |     9 |    26 |    14 ||    49
       Tentacles         |     6 |    12 |     8 ||    26
 Cast: Sandblast         |    28 |    41 |    48 ||   117
       Stone Arrow       |       |    16 |    27 ||    43
       Lee's Rapid Decon |       |       |     3 ||     3
  Use: Potion            |       |       |     9 ||     9
       Scroll            |       |       |     2 ||     2
 Stab: Sleeping          |     9 |    11 |     8 ||    28
  Eat: Chunk             |     3 |     9 |    11 ||    23
Armor: Skin              |     6 |     9 |     4 ||    19
Dodge: Dodged            |    41 |    77 |    74 ||   192
